 Dungeon Crawl Stone Soup version 0.17.0-24-gcfadda4 (webtiles) character file.

2376 inmateoo the Gouger (level 9, -5/41 HPs)
             Began as a Felid Fighter on Nov 15, 2015.
             Was a Believer of Makhleb.
             Slain by a wyvern (18 damage)
             ... on level 8 of the Dungeon.
             The game lasted 00:12:34 (7602 turns).

inmateoo the Gouger (Felid Fighter)                 Turns: 7602, Time: 00:12:34

Health: -5/41      AC:  2    Str: 12    XL:     9   Next: 21%
Magic:  16/16      EV: 25    Int:  9    God:    Makhleb [**....]
Gold:   364        SH:  0    Dex: 19    Spells: 2 memorised, 13 levels left
                                        Lives:  0   Deaths: 2

rFire  . . .     SeeInvis +       - Unarmed
rCold  . . .     Clarity  .     (armour unavailable)
rNeg   . . .     SustAt   .     (shield unavailable)
rPois  .         Gourm    .     (helmet unavailable)
rElec  .         Spirit   .     (cloak unavailable)
rCorr  +         Warding  .     (gloves unavailable)
rMut   .         Stasis   .     (boots unavailable)
MR     +....                    v - amulet of resist corrosion
Stlth  +++++.....               c - +1 ring of evasion
                                r - ring of stealth

@: quick, somewhat resistant to hostile enchantments, quite stealthy
A: no armour, no weapons or thrown items, claws 1, fangs 3, see invisible,
carnivore 3, speed 1, shaggy fur 2, slow metabolism 1, wild magic 1, sharp paws
a: Minor Destruction, Renounce Religion


You were on level 8 of the Dungeon.
You worshipped Makhleb.
Makhleb was pleased with you.
You were full.

You visited 2 branches of the dungeon, and saw 9 of its levels.

You collected 364 gold pieces.

Inventory:

Jewellery
 a - an uncursed ring of magical power
 c - a +1 ring of evasion (right paw)
 d - an uncursed ring of flight
 r - a ring of stealth (left paw)
 v - an amulet of resist corrosion (around neck)
Wands
 o - a wand of invisibility (0)
 p - a wand of disintegration (0)
Scrolls
 j - a scroll of magic mapping
 m - a scroll of fog
 q - a scroll of amnesia
 t - 3 scrolls of teleportation
Potions
 e - a potion of curing
 g - 3 potions of magic
 h - a potion of cure mutation
 i - a potion of haste
 k - a potion of brilliance
 l - a potion of resistance
 n - 2 potions of flight
Books
 s - a book of Geomancy

   Spells                             Type                      Level
   a - Sandblast                      Earth                        1
   b - Stoneskin                      Transmutation/Earth          2
   c - Passwall                       Transmutation/Earth          3
   d - Stone Arrow                    Conjuration/Earth            3
   e - Petrify                        Transmutation/Earth          4
   f - Lee's Rapid Deconstruction     Earth                        5
Comestibles
 b - a meat ration
 f - 2 beef jerkies
 x - 2 slices of pizza


   Skills:
 + Level 5.7 Fighting
 + Level 7.8 Dodging
 + Level 6.8 Stealth
 * Level 8.0 Unarmed Combat
 + Level 4.0 Spellcasting
 + Level 4.5 Transmutations
 + Level 3.4 Earth Magic


You had 13 spell levels left.
You knew the following spells:

 Your Spells              Type           Power        Failure   Level  Hunger
a - Sandblast             Erth           ##....       19%         1    #......
b - Stoneskin             Trmt/Erth      ##......     22%         2    ###....


Dungeon Overview and Level Annotations

Branches:
Dungeon (8/15)             Temple (1/1) D:5
   Lair: D:8-11

Altars:
Ashenzari
Cheibriados
Dithmenos
Elyvilon
Fedhas
Gozag
Kikubaaqudgha
Makhleb
Okawaru
Ru
Sif Muna
Trog
Vehumet
Xom
Yredelemnul
Zin
The Shining One

Shops:
D:6 (   D:7 [


Innate Abilities, Weirdness & Mutations

You cannot wear armour.
You are incapable of wielding weapons or throwing items.
You have sharp claws.
You have razor-sharp teeth.
You have supernaturally acute eyesight.
You are carnivorous and can eat meat at any time.
You cover ground quickly.
You are covered in thick fur (AC +2).
You have a slow metabolism.
Your sharp claws are effective at attacking unaware monsters.
Your spells are a little harder to cast, but a little more powerful.


Message History

The scorpion is heavily wounded.
The scorpion completely misses you.
You scratch the scorpion but do no damage.
The scorpion is heavily wounded.
You closely miss the scorpion. Your bite misses the scorpion.
The scorpion is heavily wounded.
The scorpion barely misses you.
You claw the scorpion!
You kill the scorpion!
Makhleb accepts your kill. The wyvern bites you!
You barely miss the wyvern. The wyvern bites you!
You scratch the wyvern but do no damage.
The wyvern bites you.
You closely miss the wyvern. The wyvern barely misses you.
You barely miss the wyvern. The wyvern completely misses you.
You closely miss the wyvern. The wyvern completely misses you.
The wyvern misses you.
You completely miss the wyvern. The wyvern bites you!!
You die...

#........############ ##
#...................####.
+............(......#....
#...................#....
#......$............#....
#......l...........[#....
#...................####.
......####l###+###'#......
..... #..@...#.....#......
.... #......#.....#...... ...
#......#.....#...... ..
#....###..####...... .
##....###..#.........
#..........'.........
#..........#.........
#.....#..........#.........
+##.....#..........#.........


You could see a wyvern.

Vanquished Creatures
  Grinder (D:4)
  5 yaks (D:7)
  2 humans (D:7)
  An ice beast (D:7)
  A sky beast (D:8)
  A phantom (D:5)
  A black bear (D:8)
  3 ogres
  3 scorpions
  A water moccasin skeleton (D:5)
  4 wights (D:7)
  3 crimson imps
  2 giant frog zombies
  2 jellies
  A worker ant (D:7)
  4 iguanas
  4 orc priests
  4 orc wizards
  A hound zombie (D:8)
  4 gnolls (D:4)
  8 adders
  A shadow imp (D:6)
  4 oozes
  5 worms
  5 giant geckos
  14 orcs
  4 giant cockroaches
  11 goblins
  4 hobgoblins
  6 jackals
  6 quokkas
  2 ball pythons (D:2)
  2 bats
  4 giant newts
  9 kobolds
  10 rats
143 creatures vanquished.

Notes
Turn   | Place    | Note
--------------------------------------------------------------
     0 | D:1      | inmateoo the Felid Fighter began the quest for the Orb.
     0 | D:1      | Reached XP level 1. HP: 10/10 MP: 2/2
   340 | D:1      | Reached XP level 2. HP: 9/14 MP: 3/3
   600 | D:1      | Reached skill level 1 in Stealth
  1422 | D:2      | Reached XP level 3. HP: 12/17 MP: 4/4
  2227 | D:2      | Learned a level 1 spell: Sandblast
  2331 | D:3      | Reached XP level 4. HP: 17/21 MP: 5/5
  2450 | D:3      | Reached skill level 5 in Unarmed Combat
  2929 | D:4      | Noticed Grinder
  2932 | D:4      | You fall through a shaft for 2 floors!
  2941 | D:6      | Found a snail-covered altar of Cheibriados.
  2946 | D:6      | Found a shimmering altar of Xom.
  2956 | D:6      | Found a shattered altar of Ashenzari.
  2959 | D:6      | Found a glowing silver altar of Zin.
  2994 | D:5      | Entered Level 5 of the Dungeon
  2996 | D:5      | Noticed a phantom
  3000 | D:5      | Reached skill level 5 in Dodging
  3000 | D:5      | Reached skill level 1 in Spellcasting
  3000 | D:5      | Reached XP level 5. HP: 16/24 MP: 7/7
  3222 | D:5      | Killed a phantom
  3222 | D:5      | Reached skill level 1 in Earth Magic
  3472 | D:5      | Learned a level 2 spell: Stoneskin
  3568 | D:4      | Found a shadowy altar of Dithmenos.
  3627 | D:4      | Slain by an iguana
  3628 | D:4      | Reached XP level 4. HP: -4/22 MP: 7/7
  3678 | D:4      | Reached XP level 5. HP: 25/25 MP: 8/8
  3691 | D:4      | Killed Grinder
  3691 | D:4      | Reached skill level 1 in Transmutations
  3691 | D:4      | Gained mutation: You are covered in thick fur (AC +2). [Felid growth]
  3691 | D:4      | Reached XP level 6. HP: 8/28 MP: 8/10
  3971 | D:4      | Found a sacrificial altar of Ru.
  4614 | D:5      | Noticed an ogre
  4620 | D:5      | Killed an ogre
  4620 | D:5      | Reached XP level 7. HP: 31/33 MP: 11/11
  4704 | D:5      | Found a staircase to the Ecumenical Temple.
  4742 | Temple   | Entered the Ecumenical Temple
  4762 | Temple   | Became a worshipper of Makhleb the Destroyer
  5017 | D:5      | Reached skill level 6 in Unarmed Combat
  5182 | D:6      | Found Ulohec's Antique Weapon Boutique.
  5229 | D:6      | Noticed an ogre
  5241 | D:6      | Killed an ogre
  5673 | D:6      | Reached * piety under Makhleb
  5948 | D:7      | Reached XP level 8. HP: 36/36 MP: 13/13
  5986 | D:7      | Found Hianaddi's Armour Shop.
  6146 | D:7      | Reached skill level 5 in Stealth
  6162 | D:7      | Slain by a wight
  6163 | D:7      | Reached XP level 7. HP: -4/33 MP: 12/12
  6175 | D:7      | Found an iron altar of Okawaru.
  6377 | D:7      | Noticed a human
  6377 | D:7      | Noticed a human
  6380 | D:7      | Killed a human
  6380 | D:7      | Reached skill level 5 in Fighting
  6385 | D:7      | Killed a human
  6385 | D:7      | Reached skill level 7 in Unarmed Combat
  6429 | D:7      | Found a radiant altar of Vehumet.
  6464 | D:7      | Reached XP level 8. HP: 37/37 MP: 14/14
  6532 | D:7      | Found an opulent altar of Gozag.
  6670 | D:7      | Noticed a yak
  6671 | D:7      | Noticed a yak
  6671 | D:7      | Noticed a yak
  6673 | D:7      | Noticed a yak
  6673 | D:7      | Noticed a yak
  6720 | D:7      | Killed a yak
  6727 | D:7      | Killed a yak
  6734 | D:7      | Killed a yak
  6735 | D:7      | Killed a yak
  6752 | D:7      | Killed a yak
  6752 | D:7      | Reached ** piety under Makhleb
  6787 | D:7      | Found a white marble altar of Elyvilon.
  6879 | D:7      | Reached XP level 9. HP: 16/40 MP: 15/15
  7387 | D:8      | Gained mutation: Your spells are a little harder to cast, but a little more powerful. [mutagenic meat]
  7393 | D:8      | Reached skill level 8 in Unarmed Combat
  7602 | D:8      | Slain by a wyvern

Action                   |  1- 3 |  4- 6 |  7- 9 || total
-------------------------+-------+-------+-------++-------
Melee: Unarmed           |   110 |   132 |   281 ||   523
 Cast: Stoneskin         |       |       |     5 ||     5
Evoke: Wand              |       |       |     4 ||     4
  Use: Scroll            |       |    15 |     9 ||    24
       Potion            |       |     6 |     4 ||    10
 Stab: Sleeping          |    12 |     8 |    16 ||    36
       Distracted        |     1 |     2 |     1 ||     4
       Invisible         |       |     4 |     5 ||     9
  Eat: Chunk             |     9 |       |    11 ||    20
